 Dungeon Crawl Stone Soup version 0.27.1-3-gb3d3a73c9e (webtiles) character file.

Game seed: 14250774604932735410

14673 Gabide the Prestidigitator (level 12, -1/91 HPs)
             Began as a Human Artificer on Oct 26, 2021.
             Slain by a troll (6 damage)
             ... on level 12 of the Dungeon.
             The game lasted 00:51:25 (13072 turns).

Gabide the Prestidigitator (Human Artificer)       Turns: 13072, Time: 00:51:26

Health: -1/91      AC: 27    Str: 13 (14) XL:     12   Next: 48%
Magic:  10/10      EV: 15    Int: 11      God:
Gold:   787        SH:  4    Dex: 16      Spells: 11/11 levels left

rFire    + . .     SeeInvis +   E - +6 great sword
rCold    + . .     Faith    +   (shield currently unavailable)
rNeg     . . .     Spirit   .   i - +3 ring mail "Benat" {Str-2 Slay+2 SInv}
rPois    +         Reflect  .   J - +2 helmet {SInv}
rElec    +         Harm     .   n - +2 cloak
rCorr    +         Rampage  .   k - +0 pair of gloves
Will     .....                  (no boots)
Stlth    +++.......             v - amulet of faith
HPRegen  0.25/turn              a - +4 ring of protection
MPRegen  0.12/turn              c - +4 ring of protection

@: about to teleport, resistant, attractive, slowed, very slow
A: iridescent scales 1, large bone plates 1, deterioration 1, low mp 1
a: no special abilities


You were on level 12 of the Dungeon.
You visited 1 branch of the dungeon, and saw 12 of its levels.
You also visited: Bailey.

You collected 877 gold pieces.
You spent 90 gold pieces at shops.

Inventory:

Hand Weapons
 m - a +3 quarterstaff of chaos
 o - a +5 dagger of freezing
 E - a +6 great sword (weapon)
Missiles
 x - a throwing net
Armour
 i - the +3 ring mail "Benat" (worn) {Str-2 Slay+2 SInv}
   (You found it on level 4 of the Dungeon)

   Str:       It affects your strength (-2).
   Slay:      It affects your accuracy & damage with ranged weapons and melee
   (+2).
   SInv:      It lets you see invisible.
 k - a +0 pair of gloves (worn)
 n - a +2 cloak (worn)
 y - a +2 kite shield of fire resistance
 B - a +0 buckler
 J - a +2 helmet of see invisible (worn)
 K - a +4 plate armour of cold resistance
Jewellery
 a - a +4 ring of protection (left hand)
 c - a +4 ring of protection (right hand)
 s - a +6 ring of dexterity
 v - an amulet of faith (around neck)
 C - a ring of poison resistance
 F - a ring of protection from cold
Wands
 d - a wand of charming (3)
 f - a wand of acid (17)
 g - a wand of polymorph (16)
 r - a wand of digging (7)
 u - a wand of paralysis (3)
 A - a wand of mindburst (7)
 G - a wand of iceblast (8)
Scrolls
 q - 2 scrolls of amnesia
Potions
 b - a potion of flight
 j - 2 potions of berserk rage
 l - 5 potions of lignification
 p - a potion of resistance
 t - a potion of curing
 w - 2 potions of magic
 D - a potion of haste {unknown}
 H - a potion of degeneration {unknown}
Miscellaneous
 e - a piece from Xom's chessboard (8/15) (quivered)
 L - a box of beasts (inert)


   Skills:
 + Level 7.6 Fighting
 - Level 7.8(8.6) Short Blades
 * Level 5.5(7.5) Long Blades
 - Level 0.9 Maces & Flails
 + Level 6.9 Armour
 * Level 9.3 Dodging
 + Level 6.3 Stealth
 - Level 3.2 Shields
 * Level 9.7 Evocations


You had 11 spell levels left.
You didn't know any spells.
Your spell library contained the following spells:

 Spells                   Type           Power      Damage    Failure   Level
 Slow                     Hex            0%         N/A       71%         2
 Confusing Touch          Hex            0%         N/A       90%         3
 Gell's Gravitas          Tloc           0%         N/A       90%         3
 Lesser Beckoning         Tloc           0%         N/A       90%         3
 Teleport Other           Tloc           0%         N/A       90%         3
 Vampiric Draining        Necr           0%         2d6       90%         3
 Hailstorm                Conj/Ice       0%         3d3       100%        4
 Ice Form                 Ice/Tmut       0%         N/A       100%        4
 Leda's Liquefaction      Hex/Erth       0%         N/A       100%        4
 Olgreb's Toxic Radiance  Pois           0%         N/A       100%        4
 Bolt of Magma            Conj/Fire/Erth 0%         4d4       100%        5
 Simulacrum               Ice/Necr       0%         N/A       100%        6
 Statue Form              Tmut/Erth      0%         N/A       100%        6
 Ozocubu's Refrigeration  Ice            0%         4d5       100%        7
 Ignition                 Fire           0%         3d3       100%        8


Dungeon Overview and Level Annotations

Branches:
Dungeon (12/15)            Temple (0/1) D:5            Lair (0/6) D:10
    Orc (0/2) D:11         Bailey (visited)

Altars:
Ru

Shops:
D:4 ??=((   D:10 =


Innate Abilities, Weirdness & Mutations

You are partially covered in iridescent scales. (AC +2)
You are partially covered in large bone plates. (SH +4)
Your body sometimes deteriorates upon taking damage.
Your magical capacity is low. (-10% MP)


Message History

Your juvenile fireshock beast barely misses the deep elf knight.
The fire elemental hits your juvenile fireshock beast.
The fire elemental burns your juvenile fireshock beast!
Your juvenile fireshock beast resists.
The deep elf knight hits your juvenile fireshock beast with a +0 long sword!!
The deep elf archer unwields a +0 dagger.
The deep elf archer wields a +0 shortbow.
The deep elf archer shoots an arrow.
You block the arrow. The fire elemental barely misses you.
You riposte.
You slash the fire elemental!
The fire elemental is moderately damaged.
Your juvenile fireshock beast misses the deep elf knight.
The deep elf archer is pulled toward you!
The deep elf knight hits your juvenile fireshock beast with a +0 long sword.
Your juvenile fireshock beast dies!
Your juvenile fireshock beast's corpse disappears in a puff of smoke!
The fire elemental hits you. The fire elemental burns you! You resist.
* * * LOW HITPOINT WARNING * * *
The fire elemental closely misses you.
You riposte.
You slice the fire elemental!!
The fire elemental is almost destroyed.
The deep elf knight is pulled toward you!
Your surroundings suddenly seem different.
A boulder beetle and a troll come into view.
Found 2 fizzy golden potions.
The troll shouts!
You block the boulder beetle's attack. The troll bites you but does no damage.
You block the troll's attack. The troll claws you!
* * * LOW HITPOINT WARNING * * *
The troll barely misses you. The troll completely misses you.
The troll misses you.
The boulder beetle completely misses you.
You riposte.
You hit the boulder beetle but do no damage.
As you read the scroll of teleportation, it crumbles to dust.
You feel strangely unstable.
The boulder beetle bites you but does no damage.
You block the troll's attack.
The troll claws you but does no damage. x2
The boulder beetle barely misses you. The troll bites you.
You die...

###
####.#######
####..@T.......
#......B.#.####
.###..!...#
#......##
.........
###......##
......#.#
#######.# #..


You could see a boulder beetle and a troll.

Vanquished Creatures
  2 hydras (D:11)
  A boulder beetle (D:8)
  Erica (D:10)
  2 centaur warriors (D:8)
  2 two-headed ogres
  3 orc knights (Bailey)
  A gargoyle (D:8)
  A kobold demonologist (D:9)
  An unseen horror (D:11)
  A troll (D:11)
  4 slime creatures (D:12)
  A meliai zombie (D:10)
  Sigmund (D:2)
  4 yaks (D:10)
  2 wyverns
  3 vampire mosquitoes (D:10)
  2 steam dragons
  Menkaure (D:5)
  Duvessa (D:4)
  A water moccasin (D:9)
  An ice beast (D:7)
  Purgy (D:3)
  2 orc warriors
  A sky beast (D:8)
  A necrophage (D:9)
  7 centaurs
  4 ogres
  A kobold brigand (D:8)
  A scorpion (D:4)
  2 bullfrogs (D:7)
  Dowan (D:4)
  A water moccasin zombie (D:6)
  7 killer bees (D:8)
  12 wights
  3 howler monkeys
  3 centaur zombies
  6 hounds
  A jelly (D:7)
  3 orc priests
  2 gnoll shamans
  Crazy Yiuf (D:2)
  3 iguanas
  Natasha (thrice) (D:3)
  11 orc wizards
  A killer bee zombie (D:8)
  2 howler monkey zombies
  5 adders
  10 gnolls
  A howler monkey skeleton (D:5)
  3 shadow imps
  A white imp (D:8)
  An adder skeleton (D:5)
  A worm (D:3)
  5 dart slugs
  27 orcs
  12 ball pythons
  8 bats
  4 endoplasms
  A giant cockroach (D:1)
  14 goblins
  2 hobgoblins
  4 jackals (D:3)
  16 kobolds
  4 quokkas
  5 frilled lizards
  5 rats
245 creatures vanquished.

Vanquished Creatures (collateral kills)
  An orc warrior (Bailey)
  An orc priest (D:4)
  6 orcs (Bailey)
8 creatures vanquished.

Vanquished Creatures (others)
  2 orc knights (Bailey)
  7 orcs
  A kobold (D:8)
  A fungus (D:10)
  A withered plant (D:9)
12 creatures vanquished.

Grand Total: 265 creatures vanquished

Notes
Turn   | Place    | Note
-------+----------+-------------------------------------------
     0 | D:1      | Gabide the Human Artificer began the quest for the Orb.
     0 | D:1      | Reached XP level 1. HP: 15/15 MP: 1/1
   135 | D:1      | Reached XP level 2. HP: 12/21 MP: 2/2
  1249 | D:1      | Found a faded altar of an unknown god.
  1520 | D:1      | Reached XP level 3. HP: 20/26 MP: 3/3
  2297 | D:2      | Noticed Sigmund
  2318 | D:2      | Gained mutation: Your magical capacity is low. (-10% MP)
                  | [potion of mutation]
  2318 | D:2      | Gained mutation: You are partially covered in iridescent
                  | scales. (AC +2) [potion of mutation]
  2318 | D:2      | Gained mutation: Your body sometimes deteriorates upon
                  | taking damage. [potion of mutation]
  2318 | D:2      | Gained mutation: You are partially covered in large bone
                  | plates. (SH +4) [potion of mutation]
  2325 | D:2      | Killed Sigmund
  2326 | D:2      | Reached skill level 1 in Short Blades
  2326 | D:2      | Reached XP level 4. HP: 14/33 MP: 3/3
  2326 | D:2      | Reached XP level 5. HP: 17/38 MP: 4/4
  2326 | D:2      | Reached XP level 6. HP: 19/44 MP: 5/5
  2655 | D:2      | Found a runed translucent door.
  2656 | D:2      | Noticed Crazy Yiuf
  2827 | D:2      | Killed Crazy Yiuf
  3337 | D:3      | Noticed Natasha
  3347 | D:3      | Killed Natasha
  3499 | D:3      | Reached skill level 5 in Short Blades
  3499 | D:3      | Reached skill level 5 in Armour
  3499 | D:3      | Reached XP level 7. HP: 57/58 MP: 6/6
  3582 | D:3      | Noticed Purgy
  3608 | D:3      | Killed Purgy
  3736 | D:3      | Noticed Natasha
  3747 | D:3      | Killed Natasha
  3784 | D:3      | Reached XP level 8. HP: 64/64 MP: 7/7
  3808 | D:3      | Noticed Natasha
  3821 | D:3      | Killed Natasha
  4207 | D:4      | Noticed a wyvern
  4222 | D:4      | Killed a wyvern
  4384 | D:4      | Identified the +3 ring mail "Benat" {Str-2 Slay+2 SInv}
  4453 | D:4      | Found Ceughar's Magic Scroll Shoppe.
  4526 | D:4      | Bought a scroll of enchant weapon for 90 gold pieces
  4534 | D:4      | Found Cemosk's Magic Scroll Shoppe.
  4581 | D:4      | Found Paecvor's Weapon Boutique.
  4619 | D:4      | Found Zilunabb's Antique Weapon Shop.
  4622 | D:4      | Reached skill level 5 in Stealth
  4694 | D:4      | Noticed Duvessa
  4695 | D:4      | Noticed Dowan
  4742 | D:4      | Killed Duvessa
  4757 | D:4      | Killed Dowan
  5089 | D:4      | Found Qohushist's Jewellery Emporium.
  5198 | D:5      | Entered Level 5 of the Dungeon
  5361 | D:5      | Reached XP level 9. HP: 70/71 MP: 8/8
  5545 | D:5      | Noticed Menkaure
  5557 | D:5      | Killed Menkaure
  5646 | D:5      | Found a staircase to the Ecumenical Temple.
  7592 | D:7      | Reached XP level 10. HP: 77/77 MP: 9/9
  7763 | D:8      | Noticed a boulder beetle
  7763 | D:8      | Noticed a centaur warrior
  7780 | D:8      | Killed a centaur warrior
  7787 | D:8      | Killed a boulder beetle
  7996 | D:8      | Noticed a two-headed ogre
  8031 | D:8      | Killed a two-headed ogre
  8364 | D:8      | Noticed a centaur warrior
  8384 | D:8      | Killed a centaur warrior
  8385 | D:8      | Reached XP level 11. HP: 54/84 MP: 9/9
  9698 | D:9      | Reached skill level 1 in Shields
 10641 | D:10     | Entered Level 10 of the Dungeon
 10641 | D:10     | Noticed a two-headed ogre
 10665 | D:10     | Killed a two-headed ogre
 10991 | D:10     | Reached skill level 1 in Long Blades
 11061 | D:10     | Noticed Erica
 11072 | D:10     | Killed Erica
 11226 | D:10     | Found Veol Imp's Jewellery Emporium.
 11261 | D:10     | Found a staircase to the Lair.
 11452 | D:10     | Reached XP level 12. HP: 91/91 MP: 10/10
 11471 | D:10     | Found a sacrificial altar of Ru.
 11600 | D:11     | Noticed a seven-headed hydra
 11606 | D:11     | Killed a seven-headed hydra
 11727 | D:11     | Found a flagged portal.
 11737 | Bailey   | Entered a bailey
 12125 | Bailey   | Reached skill level 5 in Long Blades
 12533 | D:11     | Found a staircase to the Orcish Mines.
 12559 | D:11     | Noticed a seven-headed hydra
 12567 | D:11     | Killed a seven-headed hydra
 13048 | D:12     | Noticed a deep elf knight
 13070 | D:12     | Noticed a boulder beetle
 13070 | D:12     | HP: 4/91 [troll (7)]
 13072 | D:12     | Slain by a troll

Illustrated notes

Levels and vault maps discovered:
D:1:      giann_forest_graveyard, layout_basic,
          hellmonk_ecumenical_altar_pennies_from_heaven
D:2:      layout_basic, uniq_sigmund, uniq_crazy_yiuf_cottage
D:3:      minmay_chambers_of_twos, layout_loops_ring,
          chequers_serial_rivers_marsh, uniq_purgy, uniq_natasha
D:4:      layout_rooms, serial_shops, nicolae_diamond_shop, shop, shop_statue,
          shop_fountains, kennysheep_little_box, st_stairs_5,
          grunt_decor_fettered, uniq_duvessa
D:5:      layout_basic, minmay_temple_entry_overgrown,
          kennysheep_generic_room_14, uniq_menkaure
D:6:      layout_loops_corners
D:7:      layout_basic
D:8:      minmay_diamond_stairs, layout_basic
D:9:      layout_roguey, serial_undead, serial_undead_c, serial_undead_b,
          serial_undead_b, serial_undead_c
D:10:     layout_rooms, mainiacjoe_overflow_tiny_flanked, lair_entry_dummy,
          serial_shops, shop_statue, interstate_on_off, uniq_erica
D:11:     layout_rooms, orc_0_dummy, enter_bailey_3
D:12:     layout_loops_ring

Skill      XL: |  1  2  3  4  5  6  7  8  9 10 11 12 |
---------------+-------------------------------------+-----
Fighting       | 2 6 7 |  7.6
Short Blades   | 1 5 6 7 |  7.8
Dodging        | 2 6 7 8 9 |  9.3
Armour         | 5 6 |  6.9
Stealth        | 4 5 6 |  6.3
Evocations     | 6 7 8 9 |  9.7
Shields        | 3 |  3.2
Long Blades    | 3 5 |  5.5
Maces & Flails | |  0.9

Action                   |  1- 3 |  4- 6 |  7- 9 | 10-12 || total
-------------------------+-------+-------+-------+-------++-------
Melee: Club              |    58 |       |       |       ||    58
       Dagger            |    40 |    48 |   353 |   408 ||   849
       Quarterstaff      |       |    13 |       |       ||    13
       Great sword       |       |       |       |   103 ||   103
Evoke: Wand              |     8 |     7 |    23 |    39 ||    77
       Piece from Xom's  |       |     1 |    13 |     7 ||    21
       Box of beasts     |       |       |       |     1 ||     1
  Use: Scroll            |     3 |     2 |     6 |    14 ||    25
       Potion            |     2 |     1 |       |     9 ||    12
 Stab: Sleeping          |     2 |     2 |    10 |     1 ||    15
       Paralysed         |       |     2 |       |     7 ||     9
       Distracted        |       |       |     2 |       ||     2
       Petrified         |       |       |     1 |     1 ||     2
       Petrifying        |       |       |       |     1 ||     1
Armor: Leather armour    |    30 |    29 |    44 |       ||   103
       Ring mail         |       |       |   112 |   297 ||   409
       Skin              |       |       |       |    32 ||    32
Dodge: Dodged            |    71 |    44 |   199 |   387 ||   701
Block: Other             |     1 |    19 |    52 |    77 ||   149
       Buckler           |       |       |       |    62 ||    62
       Rpst.: Great sword |       |       |       |    40 ||    40
